 Dungeon Crawl Stone Soup version 0.21-a0-404-g291f19a (webtiles) character file.

186 KristoblXynda the Sneak (level 5, -2/31 HPs)
             Began as an Octopode Conjurer on Oct 26, 2017.
             Slain by a kobold
             ... wielding a +0 dagger
              (4 damage)
             ... on level 2 of the Dungeon.
             The game lasted 00:03:27 (1550 turns).

KristoblXynda the Sneak (Octopode Conjurer)         Turns: 1550, Time: 00:03:28

Health: -2/31      AC:  1    Str:  7      XL:     5   Next: 65%
Magic:  4/10       EV: 13    Int: 16 (18) God:
Gold:   82         SH:  0    Dex: 13      Spells: 2/10 levels left

rFire    . . .     SeeInvis .   (no weapon)
rCold    . . .     Gourm    .   (no shield)
rNeg     . . .     Faith    .   (helmet restricted)
rPois    .         Spirit   .   (no amulet)
rElec    .         Reflect  .   (no ring)
rCorr    .         Harm     .   (no ring)
MR       .....                  (no ring)
Stlth    ++++......             (no ring)
HPRegen  0.10/turn              (no ring)
MPRegen  0.12/turn              (no ring)
                                (no ring)
                                (no ring)

@: very slightly contaminated
A: almost no armour, stealthy swim, amphibious, 8 rings, constrict 8, camouflage
1, gelatinous body 1
a: no special abilities


You were on level 2 of the Dungeon.
You were not hungry.

You visited 1 branch of the dungeon, and saw 2 of its levels.

You collected 82 gold pieces.

Inventory:

Scrolls
 c - a scroll of enchant armour {unknown}
 e - 2 scrolls of remove curse {unknown}
 f - a scroll of fog {unknown}
 g - a scroll of fear {unknown}
 j - 2 scrolls of identify {unknown}
 l - a scroll of amnesia {unknown}
 o - a scroll of immolation {unknown}
Potions
 h - 2 potions of heal wounds
Books
 a - a book of Conjurations

   Spells                             Type                      Level
   a - Magic Dart                     Conjuration                  1
   b - Searing Ray                    Conjuration                  2
   c - Dazzling Spray                 Conjuration/Hexes            3
   d - Fulminant Prism                Conjuration/Hexes            4
   e - Force Lance                    Conjuration/Translocation    4
   f - Iskenderun's Mystic Blast      Conjuration                  4
Comestibles
 b - a bread ration
 d - 3 chunks of flesh
 i - 2 meat rations


   Skills:
 - Level 2.0 Dodging
 + Level 5.1 Stealth
 + Level 3.4 Spellcasting
 + Level 5.0 Conjurations


You had 2 spell levels left.
You knew the following spells:

 Your Spells              Type           Power        Failure   Level  Hunger
a - Magic Dart            Conj           ###.         2%          1    None
b - Dazzling Spray        Conj/Hex       ##....       19%         3    ###....
c - Iskenderun's Mystic   Conj           ###.....     22%         4    ####...


Dungeon Overview and Level Annotations

Branches:
Dungeon (2/15)

Altars:
Uskayaw

Annotations:
D:2 Terence


Innate Abilities, Weirdness & Mutations

You cannot wear most types of armour.
You are very stealthy in the water. (Stealth+)
You are amphibious.
You can wear up to eight rings at the same time.
You can use your tentacles to constrict eight enemies at once.
Your skin changes colour to match your surroundings (Stealth+).
Your rubbery body absorbs attacks. (AC +1, EV +1)


Message History

The kobold hits you with a dagger. The kobold barely misses you.
You tentacle-slap Terence but do no damage.
Terence is heavily wounded.
You constrict Terence. Terence hits you with a hand axe!
The kobold hits you with a dagger.
* * * LOW HITPOINT WARNING * * *
The kobold misses you.
Casting: Dazzling Spray
Confirm with . or Enter, or press ? or * to list all spells.
Aiming: Dazzling Spray
Press: ? - help, Shift-Dir - straight line, f/p - Terence
Aim: Terence, wielding a hand axe and wearing a ring mail (heavily wounded, constricted by you)
You miscast Dazzling Spray.
You are very lightly contaminated with residual magic.
The light around you dims momentarily.
You constrict Terence, but do no damage.
Terence hits you with a hand axe!
* * * LOW HITPOINT WARNING * * *
The kobold hits you with a dagger.
You die...

≈≈...≈.⌠≈..≈..≈
≈≈..≈..≈⌠.≈...≈
≈≈..≈..≈..≈..≈≈
#≈...≈≈..≈..≈≈≈
#.......≈..≈.#
#........≈≈..#
##...%K@K.....#
#......@.......
....###..######
#....# #.......+
#....#####.#####
#....#......# #
#....#......#
#### #......
#....#......#
#... #.....#
#....#......#
#... #.....#
#....#......#
########...


You could see Terence and 2 kobolds.

Vanquished Creatures
  Sigmund (D:2)
  An ooze (D:1)
  3 dart slugs (D:1)
  A leopard gecko (D:1)
  2 goblins
  4 hobgoblins
  A quokka (D:2)
  2 bats (D:2)
  2 frilled lizards (D:1)
  2 kobolds
  4 rats
23 creatures vanquished.

Notes
Turn   | Place    | Note
-------+----------+-------------------------------------------
     0 | D:1      | KristoblXynda the Octopode Conjurer began the quest for the Orb.
     0 | D:1      | Reached XP level 1. HP: 11/11 MP: 3/3
   145 | D:1      | Reached XP level 2. HP: 14/17 MP: 5/5
   953 | D:2      | Noticed Sigmund
   966 | D:2      | Reached XP level 3. HP: 12/21 MP: 6/6
  1086 | D:2      | Learned a level 3 spell: Dazzling Spray
  1118 | D:2      | Found a hide-covered altar of Uskayaw.
  1391 | D:2      | HP: 1/21 [Sigmund/scythe (8)]
  1407 | D:2      | Killed Sigmund
  1407 | D:2      | Reached skill level 5 in Stealth
  1407 | D:2      | Reached skill level 5 in Conjurations
  1407 | D:2      | Reached XP level 4. HP: 27/27 MP: 2/9
  1407 | D:2      | Reached XP level 5. HP: 31/31 MP: 2/10
  1477 | D:2      | Learned a level 4 spell: Iskenderun's Mystic Blast
  1537 | D:2      | Noticed Terence
  1550 | D:2      | Slain by a kobold

Vault maps used:
D:1:      minmay_arrival_glassed_features, minivault_23
D:2:      cheibrodos_helix_gallery, nicolae_overflow_crystal_walls,
          uniq_sigmund, uniq_terence

Skill      XL: |  1  2  3 |
---------------+----------+-----
Stealth        | 3 5 |  5.1
Spellcasting   | 3 |  3.4
Conjurations   | 5 |  5.0
Dodging        | |  2.0

Action                   |  1- 3 |  4- 6 || total
-------------------------+-------+-------++-------
Melee: Unarmed           |    70 |    16 ||    86
       Tentacles         |    12 |     2 ||    14
       Constrict         |    15 |     3 ||    18
 Cast: Magic Dart        |     4 |       ||     4
       Dazzling Spray    |     2 |     1 ||     3
  Use: Potion            |     4 |       ||     4
 Stab: Sleeping          |    12 |     2 ||    14
  Eat: Chunk             |     1 |     1 ||     2
Armor: Skin              |    11 |       ||    11
Dodge: Dodged            |    34 |    14 ||    48

Table legend:
 A = Spawn XP
 B = Non-spawn XP
 C = Spawn XP percentage of total XP
 D = Spawn monster count
 E = Non-spawn monster count
 F = Spawn count percentage of total count
 G = Total turns spent on level
                    A         B        C        D         E        F      G
               +---------+---------+-------+---------+---------+-------+---------
         Total |       0 |     266 |   0.0 |       0 |      23 |   0.0 |  1550
               +---------+---------+-------+---------+---------+-------+---------
           D:1 |       0 |      31 |   0.0 |       0 |      12 |   0.0 |  1017
           D:2 |       0 |     235 |   0.0 |       0 |      11 |   0.0 |   533
               +---------+---------+-------+---------+---------+-------+---------
